 Dungeon Crawl Stone Soup version 0.27.1 (webtiles) character file.

Game seed: 9164521866435900076

28 speeev33 the Skirmisher (level 3, -2/33 HPs)
             Began as a Hill Orc Fighter on Aug 28, 2021.
             Was a Follower of Okawaru.
             Slain by an ogre (22 damage)
             ... on level 2 of the Dungeon.
             The game lasted 00:02:05 (1613 turns).

speeev33 the Skirmisher (Hill Orc Fighter)          Turns: 1613, Time: 00:02:06

Health: -2/33      AC:  8    Str: 19    XL:     3   Next: 14%
Magic:  3/3        EV:  7    Int:  8    God:    Okawaru [*.....]
Gold:   26         SH: 14    Dex: 10    Spells: 2/2 levels left

rFire    . . .     SeeInvis .   a - +0 war axe
rCold    . . .     Faith    .   c - +0 kite shield
rNeg     . . .     Spirit   .   b - +0 scale mail
rPois    .         Reflect  +   (no helmet)
rElec    .         Harm     .   (no cloak)
rCorr    .         Rampage  .   (no gloves)
Will     .....                  j - +0 pair of boots
Stlth    ..........             e - amulet of reflection
HPRegen  0.11/turn              (no ring)
MPRegen  0.08/turn              (no ring)

@: no status effects
A: no striking features
a: Renounce Religion, Heroism


You were on level 2 of the Dungeon.
You worshipped Okawaru.
Okawaru was aware of your devotion.
You visited 1 branch of the dungeon, and saw 2 of its levels.

You collected 26 gold pieces.

Inventory:

Hand Weapons
 a - a +0 war axe (weapon)
Armour
 b - a +0 scale mail (worn)
 c - a +0 kite shield (worn)
 j - a +0 pair of boots (worn)
Jewellery
 e - an amulet of reflection (around neck)
Scrolls
 f - a scroll of enchant weapon {unknown}
 g - a scroll of identify {unknown}
 h - a scroll of silence {unknown}
 i - 2 scrolls of teleportation {unknown}
Potions
 d - a potion of might
 k - a potion of berserk rage {unknown}
 l - a potion of brilliance {unknown}


   Skills:
 + Level 4.1 Fighting
 + Level 3.5 Axes
 - Level 3.2 Armour
 + Level 3.7 Shields


You had 2 spell levels left.
You didn't know any spells.
Your spell library contained the following spells:

 Spells                   Type           Power      Damage    Failure   Level
 Dazzling Flash           Conj/Hex       0%         N/A       100%        3
 Agony                    Necr           0%         N/A       100%        5
 Silence                  Hex/Air        0%         N/A       100%        5


Dungeon Overview and Level Annotations

Branches:
Dungeon (2/15)

Altars:
Okawaru

Annotations:
D:2 exclusion: ogre


Message History

You can't see that place. [the floor.] Placed new exclusion.
Unknown command.
There's nothing to open nearby.
There's nothing to open nearby.
Found a whip.
As you open the door, it creaks loudly!
You open the door.
There is an open door here.
Found 18 bolts.
A rat comes into view.
A rat is nearby!
You barely miss the rat. The rat barely misses you. You block the rat's attack.
You closely miss the rat. You block the rat's attack.
The rat barely misses you.
You barely miss the rat. You block the rat's attack.
You hit the rat.
You kill the rat!
Okawaru accepts your kill.
No target in view!
There is an open door here.
There is an open door here.
There is an open door here.
As you close the door, it creaks loudly!
An ogre opens the door.
You closely miss the ogre. The ogre completely misses you.
You hit the ogre but do no damage. You block the ogre's attack.
You slash the ogre!
The ogre is heavily wounded.
The ogre hits you with a +0 giant spiked club!
You block the ogre's attack.
You hit the ogre.
The ogre is severely wounded.
You block the ogre's attack.
You hit the ogre.
The ogre is almost dead.
The ogre hits you with a +0 giant spiked club!!
Ouch! That really hurt!
You die...

# #..........# #######
#.########.# ......#
####.########.# #####.#
#.............# # #.#
#.##.################## #
#.#
#.##.##....†..........# #
#.#
#.##.##.#############.. #
#.# #.##.##......... #.. #
#.# #....O@......... ###..
# #.# #...)###........
+.... #.#
##....###........ ####.
#.####......##........ #.
#####...........####+#####
#. ........#.......# #.
........#.......# #.
........#.......# ##
..........#'#####


You could see an ogre.

Vanquished Creatures
  A dart slug (D:1)
  A ball python (D:2)
  A bat (D:2)
  3 endoplasms
  2 giant cockroaches
  4 goblins
  2 hobgoblins (D:1)
  A quokka (D:1)
  3 kobolds
  5 rats
23 creatures vanquished.

Notes
Turn   | Place    | Note
-------+----------+-------------------------------------------
     0 | D:1      | speeev33 the Hill Orc Fighter began the quest for the Orb.
     0 | D:1      | Reached XP level 1. HP: 19/19 MP: 1/1
   259 | D:1      | Reached XP level 2. HP: 27/27 MP: 2/2
   618 | D:1      | Reached skill level 4 in Fighting
  1139 | D:2      | Found a faded altar of an unknown god.
  1158 | D:2      | Reached XP level 3. HP: 33/33 MP: 3/3
  1158 | D:2      | Became a worshipper of Warmaster Okawaru
  1158 | D:2      | Reached * piety under Okawaru
  1328 | D:2      | Noticed an ogre
  1613 | D:2      | Slain by an ogre

Illustrated notes

Levels and vault maps discovered:
D:1:      dpeg_arrival_shrine, layout_loops_cross,
          minmay_misc_feat_more_columns, chequers_garden, minmay_curled_crystal
D:2:      layout_basic, basic_ecumenical_altar, uniq_terence

Skill      XL: |  1  2 |
---------------+-------+-----
Axes           | 3 |  3.5
Fighting       | 4 |  4.1
Armour         | |  3.2
Shields        | |  3.7

Action                   || total
-------------------------++-------
Melee: War axe           ||    72
Armor: Scale mail        ||    22
Dodge: Dodged            ||    15
Block: Kite shield       ||    55
       Reflection        ||     1
